Map: Oxide LE

Players

soul

  • Race: Terran Terran
  • League: Grandmaster
  • Spawn Location: 7:00

Lambo - Winner!

  • Race: Zerg Zerg
  • League: Grandmaster
  • Spawn Location: 1:00

VOD

Have the link to the VOD?

Description

sd

Time

  • Played on: Jan. 16, 2021, 6:24 a.m.
  • Length: 5:23
Show
View Real Time Build Order
Export as new Build Order

soul Terran 

Build Orders: Reaper Expand 

Get SALT Encoding   

  12  0:02  SCV  
  13  0:14  SCV  
  14  0:18  Supply Depot  
  14  0:26  SCV  
  15  0:40  SCV  
  15  0:41  Barracks  
  16  0:44  Refinery  
  16  0:52  SCV  
  18  1:04  SCV  
  18  1:16  SCV  
  19  1:30  Reaper, Orbital Command  
  20  1:39  Command Center  
  20  1:50  Barracks  
  20  1:55  SCV  
  21  2:02  Supply Depot  
  21  2:05  Barracks Reactor  
  21  2:10  SCV  
  21  2:14  Refinery  
  22  2:22  SCV  
  23  2:28  Factory  
  23  2:34  SCV  
  24  2:38  Barracks Tech Lab  
  24  2:41  Marine x2  
  26  2:46  SCV  
  26  2:51  Orbital Command  
  27  2:56  Stimpack  
  27  2:58  SCV, Marine  
  27  3:00  Marine  
  27  3:03  Marine  
  31  3:10  SCV  
  32  3:16  Marine  
  32  3:17  SCV  
  32  3:18  Marine  
  35  3:21  Marine  
  35  3:23  SCV  
  35  3:26  Starport  
  37  3:27  Factory Reactor  
  37  3:32  Supply Depot  
  37  3:35  Marine  
  37  3:37  Marine  
  37  3:38  Marine  
  37  3:40  SCV x2  
  42  3:52  Supply Depot, SCV  
  42  3:53  SCV, Marine  
  42  3:55  Marine  
  46  3:56  Marine  
  47  4:05  SCV x2  
  47  4:07  Supply Depot  
  49  4:10  Medivac  
  49  4:11  Marine, Medivac  
  49  4:14  Marine x2  
  49  4:17  SCV x2  
  58  4:29  SCV, Marine  
  58  4:30  Engineering Bay  
  58  4:31  Engineering Bay, SCV  
  61  4:34  Refinery  
  61  4:35  Factory Tech Lab  
  61  4:37  Marine  
  62  4:38  Marine  
  62  4:41  SCV  
  62  4:43  SCV  
  65  4:47  Marine  
  65  4:52  Barracks  
  66  4:53  SCV  
  66  4:55  SCV, Marine  
  66  4:56  Marine  
  70  5:08  Supply Depot  
Show
View Real Time Build Order
Export as new Build Order

Lambo Zerg - Winner!

Build Orders: Hatch First 

Get SALT Encoding   

  12  0:00  Drone  
  13  0:12  Overlord  
  13  0:16  Drone  
  14  0:30  Drone x2  
  16  0:47  Hatchery  
  15  0:50  Drone  
  15  0:54  Drone  
  17  0:57  Drone  
  18  1:08  Extractor  
  17  1:12  Spawning Pool  
  17  1:15  Drone  
  17  1:18  Drone  
  18  1:27  Drone  
  19  1:38  Drone  
  20  1:49  Drone  
  21  1:59  Queen x2  
  21  2:00  Zergling x4  
  27  2:17  Hatchery, Overlord  
  27  2:20  Drone  
  27  2:24  Drone  
  28  2:32  Metabolic Boost  
  28  2:36  Drone x2  
  30  2:37  Drone  
  30  2:43  Drone  
  32  2:47  Overlord  
  32  2:51  Queen  
  34  2:55  Drone  
  35  3:01  Drone  
  36  3:05  Queen  
  36  3:10  Drone x3  
  36  3:12  Drone x2  
  43  3:14  Drone  
  43  3:19  Overlord  
  44  3:29  Queen  
  44  3:30  Drone x3  
  49  3:36  Overlord  
  49  3:39  Queen  
  51  3:41  Drone  
  51  3:44  Drone x2  
  51  3:48  Drone x2  
  56  3:50  Drone  
  56  3:51  Drone  
  56  3:55  Evolution Chamber, Overlord  
  57  3:58  Drone  
  57  3:59  Drone  
  57  4:00  Drone  
  57  4:02  Drone  
  61  4:05  Baneling Nest  
  61  4:09  Drone x2  
  62  4:11  Drone  
  62  4:13  Queen  
  65  4:19  Drone  
  65  4:20  Overlord  
  65  4:23  Zergling x2  
  67  4:25  Zergling x2  
  67  4:27  Overlord  
  67  4:30  Zergling x6  
  71  4:32  Zergling x2  
  71  4:36  Zergling x4  
  74  4:39  Zergling x4  
  74  4:40  Zergling x4  
  74  4:41  Queen  
  80  4:47  Zergling x10  
  80  4:52  Overlord  
  85  4:53  Zergling x6  
  85  4:56  Overlord  
  85  4:57  Extractor  
Tags
 
Add a new tag
Caveats
  • Supply blocks, unpowered buildings, or Contaminate may cause inaccurate times.
  • Supply counts are checked every 10 seconds.